 Dungeon Crawl Stone Soup version 0.22-a0-292-g0df9d5f (webtiles) character file.

1544 MayorMcCheese the Cleaver (level 8, 71/71 HPs)
             Began as a Minotaur Berserker on Mar 20, 2018.
             Was an Elder of Trog.
             Quit the game on level 6 of the Dungeon on Mar 23, 2018.
             The game lasted 00:27:40 (5381 turns).

MayorMcCheese the Cleaver (Minotaur Berserker)      Turns: 5381, Time: 00:27:41

Health: 71/71      AC: 13    Str: 25    XL:     8   Next: 56%
Magic:  7/7        EV:  7    Int:  4    God:    Trog [****..]
Gold:   260        SH:  0    Dex:  9    Spells: 7/7 levels left

rFire    . . .     SeeInvis .   p - +0 broad axe
rCold    . . .     Gourm    .   (no shield)
rNeg     . . .     Faith    .   j - +0 plate armour
rPois    .         Spirit   .   (helmet restricted)
rElec    .         Reflect  .   (no cloak)
rCorr    .         Harm     .   (no gloves)
MR       .....                  l - +0 pair of boots
Stlth    ..........             (no amulet)
HPRegen  0.21/turn              (no ring)
MPRegen  0.10/turn              (no ring)

@: no status effects
A: retaliatory headbutt, horns 2
a: Berserk, Trog's Hand, Brothers in Arms, Renounce Religion


You were on level 6 of the Dungeon.
You worshipped Trog.
Trog was greatly pleased with you.
You were not hungry.

You visited 1 branch of the dungeon, and saw 6 of its levels.

You collected 260 gold pieces.

Inventory:

Hand Weapons
 p - a +0 broad axe (weapon)
Armour
 j - a +0 plate armour (worn)
 l - a +0 pair of boots (worn)
Jewellery
 h - an uncursed ring of wizardry {unknown}
Scrolls
 a - a scroll of fog
 b - 5 scrolls of teleportation
 g - a scroll of fear
 i - 2 scrolls of remove curse
Potions
 e - a potion of haste
 f - a potion of flight {unknown}
 k - 3 potions of curing
 n - a potion of mutation {unknown}
 o - a potion of ambrosia
Comestibles
 c - 11 rations


   Skills:
 + Level 6.4 Fighting
 * Level 11.1 Axes
 + Level 5.3 Armour
 - Level 2.1 Dodging
 + Level 0.6 Stealth


You had 7 spell levels left.
You didn't know any spells.

Dungeon Overview and Level Annotations

Branches:
Dungeon (6/15)             Temple (0/1) D:6

Altars:
Ashenzari
Makhleb
Nemelex Xobeh
Qazlal
Trog
Wu Jian
Zin


Innate Abilities, Weirdness & Mutations

You reflexively headbutt those who attack you in melee.
You have a pair of horns on your head.


Message History

You are feeling hungry.
You start resting.
You are feeling very hungry.
You eat one of the 12 rations.
That ration really hit the spot!
You start resting.
HP restored.
Items here: ( )) [ รท a short sword; a plate armour; an uncursed shortbow; 6 arrows; an orc skeleton There isn't anything to butcher here.
Things that are here:
a dagger; a robe; 2 arrows There isn't anything to butcher here.
i - 2 scrolls of remove curse (gained 1)
You see here a ring mail.
There isn't anything to butcher here.
Things that are here:
a club; a ring mail There isn't anything to butcher here.
Autopickup is now off.
Are you sure you want to abandon this character and quit the game? (Confirm with "yes".)

#. ### #. # ## ... #.#.
.. .## #.##.###.#. ##.
#.######.##....... ....
#((.......#####.#.
#..###(######..#####.#.
#..))...(............
##.[@....###.########
######### #.........
##########


There were no monsters in sight!

Vanquished Creatures
  Sigmund (D:5)
  Eustachio (D:5)
  An ice beast (D:5)
  An orc warrior (D:6)
  An eye of draining (D:5)
  An ogre (D:4)
  2 centaurs
  A scorpion (D:5)
  The ghost of GizzardofKazz the Slasher, a weakling MiBe of Trog (D:3)
  2 howler monkeys
  A crimson imp (D:6)
  A hound (D:5)
  A centaur skeleton (D:4)
  A bullfrog skeleton (D:5)
  A jelly (D:6)
  2 orc priests
  A bullfrog zombie (D:6)
  An iguana (D:5)
  2 orc wizards
  Robin (D:4)
  4 adders
  4 gnolls (D:4)
  A shadow imp (D:5)
  2 oozes
  An adder zombie (D:6)
  3 worms
  A dart slug (D:1)
  4 leopard geckos
  21 orcs
  3 giant cockroaches
  13 goblins
  9 hobgoblins
  9 jackals
  2 quokkas
  2 ball pythons
  4 bats
  5 frilled lizards
  10 kobolds
  A leopard gecko skeleton (D:6)
  11 rats
134 creatures vanquished.

Notes
Turn   | Place    | Note
-------+----------+-------------------------------------------
     0 | D:1      | MayorMcCheese the Minotaur Berserker began the quest for the Orb.
     0 | D:1      | Reached XP level 1. HP: 19/19 MP: 0/0
   126 | D:1      | Reached skill level 4 in Axes
   128 | D:1      | Reached XP level 2. HP: 6/27 MP: 1/1
   577 | D:1      | Reached XP level 3. HP: 27/33 MP: 2/2
   674 | D:1      | Reached ** piety under Trog
   690 | D:1      | Upgraded the game from 0.22-a0-284-g99d1f74 to 0.22-a0-292-g0df9d5f
   978 | D:2      | Reached skill level 5 in Axes
  1373 | D:2      | Reached XP level 4. HP: 41/41 MP: 3/3
  2140 | D:3      | Reached skill level 6 in Axes
  2188 | D:3      | Noticed GizzardofKazz's ghost (weakling MiBe)
  2221 | D:3      | Killed GizzardofKazz's ghost
  2221 | D:3      | Reached XP level 5. HP: 47/47 MP: 4/4
  2230 | D:3      | Reached *** piety under Trog
  2396 | D:3      | Found a bloodstained altar of Trog.
  2675 | D:4      | Reached skill level 7 in Axes
  2785 | D:4      | Noticed an ogre
  2793 | D:4      | Killed an ogre
  2793 | D:4      | Reached XP level 6. HP: 19/55 MP: 5/5
  3055 | D:4      | Reached skill level 8 in Axes
  3058 | D:4      | Reached skill level 5 in Fighting
  3135 | D:4      | Noticed Robin
  3148 | D:4      | Killed Robin
  3726 | D:5      | Entered Level 5 of the Dungeon
  3726 | D:5      | Noticed an ice beast
  3733 | D:5      | Killed an ice beast
  3733 | D:5      | Reached XP level 7. HP: 61/61 MP: 6/6
  3735 | D:5      | Noticed Sigmund
  3747 | D:5      | Killed Sigmund
  3747 | D:5      | Reached skill level 9 in Axes
  3924 | D:5      | Reached **** piety under Trog
  4041 | D:5      | Noticed Eustachio
  4050 | D:5      | Killed Eustachio
  4050 | D:5      | Reached skill level 10 in Axes
  4050 | D:5      | Reached XP level 8. HP: 68/70 MP: 7/7
  4376 | D:5      | Found a shattered altar of Ashenzari.
  4661 | D:5      | Found a stormy altar of Qazlal.
  4661 | D:5      | Found a glowing silver altar of Zin.
  4673 | D:5      | Found a sparkling altar of Nemelex Xobeh.
  4687 | D:5      | Found an ornate altar of the Wu Jian Council.
  4689 | D:5      | Found a burning altar of Makhleb.
  4985 | D:6      | Found a staircase to the Ecumenical Temple.
  5066 | D:6      | Reached skill level 5 in Armour
  5077 | D:6      | Reached skill level 11 in Axes
  5381 | D:6      | Quit the game

Vault maps used:
D:1:      sevenhm_arrival_forest_fort_small_4
D:2:      first_ration
D:3:      marbit_many_paths, kennysheep_another_room, minmay_misc_feat_roman,
          kennysheep_generic_room_2
D:4:      minivault_23, uniq_robin
D:5:      chequers_temple_overflow_minitemple, evilmike_ruin_ashenzari,
          minmay_small_thing, uniq_sigmund, uniq_eustachio
D:6:      minmay_temple_entry_poolview, st_stairs_8

Skill      XL: |  1  2  3  4  5  6  7  8 |
---------------+-------------------------+-----
Axes           | 4 5 6 7 8 10 11 | 11.1
Fighting       | 4 5 6 |  6.4
Armour         | 3 4 5 |  5.3
Dodging        | |  2.1
Stealth        | |  0.6

Action                   |  1- 3 |  4- 6 |  7- 9 || total
-------------------------+-------+-------+-------++-------
Melee: Hand axe          |    70 |   121 |    61 ||   252
       Headbutt          |    13 |    19 |    16 ||    48
       Broad axe         |       |       |    34 ||    34
Invok: Berserk           |       |     3 |     2 ||     5
       Trog's Hand       |       |       |     1 ||     1
  Use: Scroll            |     7 |     5 |     2 ||    14
       Potion            |     1 |       |     1 ||     2
  Eat: Chunk             |     1 |     9 |     1 ||    11
       Ration            |       |     1 |     2 ||     3
Armor: Animal skin       |    17 |       |       ||    17
       Chain mail        |     5 |    25 |       ||    30
       Plate armour      |       |    47 |    52 ||    99
Dodge: Dodged            |    54 |    55 |    31 ||   140

Table legend:
 A = Spawn XP
 B = Non-spawn XP
 C = Spawn XP percentage of total XP
 D = Spawn monster count
 E = Non-spawn monster count
 F = Spawn count percentage of total count
 G = Total turns spent on level
                    A         B        C        D         E        F      G
               +---------+---------+-------+---------+---------+-------+---------
         Total |       0 |    2206 |   0.0 |       0 |     134 |   0.0 |  5381
               +---------+---------+-------+---------+---------+-------+---------
           D:1 |       0 |      55 |   0.0 |       0 |      26 |   0.0 |   930
           D:2 |       0 |      50 |   0.0 |       0 |      22 |   0.0 |   872
           D:3 |       0 |     164 |   0.0 |       0 |      23 |   0.0 |   865
           D:4 |       0 |     383 |   0.0 |       0 |      31 |   0.0 |  1059
           D:5 |       0 |    1071 |   0.0 |       0 |      20 |   0.0 |  1159
           D:6 |       0 |     483 |   0.0 |       0 |      12 |   0.0 |   496
               +---------+---------+-------+---------+---------+-------+---------
